Map: Ephemeron LE

Players

uThermal - Winner!

  • Race: Terran Terran
  • Spawn Location: 11:00

JonSnow

  • Race: Zerg Zerg
  • Spawn Location: 5:00

VOD

Have the link to the VOD?

Description

Time

  • Played on: Sept. 6, 2019, 5:46 p.m.
  • Length: 27:46
Show
View Real Time Build Order
Export as new Build Order

uThermal Terran - Winner!

Build Orders: Liberator Opening, Reaper Expand 

Get SALT Encoding   

  12  0:01  SCV  
  13  0:13  SCV  
  14  0:17  Supply Depot  
  14  0:25  SCV  
  15  0:38  SCV  
  15  0:39  Barracks  
  16  0:43  Refinery  
  16  0:50  SCV  
  17  1:02  SCV  
  18  1:15  SCV  
  19  1:26  Reaper  
  19  1:27  Orbital Command  
  20  1:40  Command Center  
  20  1:52  SCV  
  21  1:55  Supply Depot  
  21  1:58  Marine  
  22  2:05  SCV  
  23  2:09  Factory  
  23  2:17  SCV  
  23  2:20  Barracks Reactor  
  24  2:24  Refinery  
  24  2:29  SCV  
  25  2:41  SCV  
  26  2:52  Orbital Command  
  26  2:53  SCV  
  26  2:56  Starport  
  27  3:03  Hellion  
  27  3:05  SCV, Hellion  
  32  3:10  Barracks Tech Lab  
  32  3:16  Liberator  
  32  3:17  SCV  
  32  3:19  SCV  
  34  3:23  Supply Depot  
  34  3:25  Hellion  
  34  3:26  Hellion  
  37  3:29  SCV  
  41  3:36  SCV  
  42  3:41  SCV  
  42  3:46  Hellion  
  42  3:47  Hellion  
  42  3:48  SCV  
  48  3:51  Supply Depot  
  48  3:57  Marine, Stimpack  
  48  3:58  SCV  
  48  4:00  SCV  
  51  4:10  SCV  
  52  4:17  Command Center  
  52  4:20  SCV  
  52  4:21  Supply Depot  
  52  4:22  Marine  
  52  4:23  Factory Tech Lab, Starport Reactor  
  54  4:24  SCV  
  55  4:32  SCV  
  55  4:36  Barracks  
  56  4:38  SCV  
  56  4:39  Barracks  
  56  4:40  Marine  
  56  4:45  Siege Tank  
  61  4:46  SCV  
  61  4:51  SCV  
  63  4:57  Engineering Bay  
  63  4:58  Marine, SCV, Engineering Bay  
  65  5:01  Refinery  
  65  5:05  SCV, Refinery  
  66  5:13  SCV  
  67  5:16  Marine  
  67  5:20  SCV  
  69  5:21  Starport Reactor, Supply Depot  
  69  5:25  SCV  
  70  5:28  Marine, Siege Tank  
  70  5:32  SCV  
  70  5:34  Marine  
  62  5:40  Terran Infantry Weapons Level 1  
  62  5:41  Terran Infantry Armor Level 1  
  60  5:45  Marine  
  60  5:46  Marine  
  60  5:47  Marine x2  
  60  5:48  SCV  
  60  5:49  SCV  
  66  5:52  Barracks  
  66  5:55  Barracks  
  66  5:58  Marine  
  66  6:00  Siege Tank, SCV  
  66  6:01  SCV  
  72  6:04  Marine  
  72  6:08  Marine, Orbital Command  
  74  6:11  Combat Shield  
  74  6:12  Marine  
  74  6:13  SCV x2  
  74  6:16  Medivac  
  79  6:19  Medivac  
  79  6:25  Marine, SCV x2  
  84  6:27  Supply Depot  
  84  6:28  Marine x2  
  84  6:29  Marine  
  87  6:33  SCV  
  87  6:37  SCV x2  
  87  6:39  Supply Depot  
  90  6:40  Barracks Reactor  
  90  6:42  Barracks Reactor  
  90  6:43  Factory Reactor  
  90  6:46  Marine, SCV  
  92  6:48  Medivac  
  92  6:49  SCV x2  
  92  6:50  Medivac  
  92  6:53  Marine x3  
  92  6:54  Supply Depot  
  101  6:55  Supply Depot  
  101  7:00  Marine, SCV  
  104  7:01  SCV x2  
  104  7:02  Missile Turret  
  104  7:03  Armory, Missile Turret  
  104  7:06  Marine  
  104  7:07  Supply Depot  
  106  7:11  Marine x2  
  106  7:12  SCV  
  106  7:15  Marine, SCV x2  
  112  7:18  Marine  
  112  7:20  Marine x2, Widow Mine x2  
  112  7:21  Marine  
  112  7:22  Marine  
  121  7:29  Marine, Medivac  
  123  7:30  Marine  
  123  7:33  Marine  
  123  7:35  Medivac  
  123  7:36  Marine  
  128  7:38  Supply Depot  
  122  7:48  Marine  
  122  7:50  Marine  
  122  7:52  Command Center  
  122  7:53  Supply Depot, Refinery  
  122  7:56  Widow Mine  
  122  7:57  Widow Mine  
  122  7:58  Marine  
  124  7:59  Marine, Factory, Medivac  
  124  8:05  Marine x2  
  124  8:06  Marine x2  
  124  8:10  Marine  
  126  8:13  Terran Infantry Armor Level 2  
  126  8:14  Terran Infantry Weapons Level 2  
  126  8:15  SCV  
  126  8:16  Marine  
  126  8:18  Missile Turret  
  126  8:19  Marine x3  
  129  8:20  Supply Depot  
  129  8:21  Widow Mine  
  129  8:23  Terran Vehicle And Ship Armor Level 1  
  129  8:24  Marine  
  132  8:28  Marine  
  132  8:29  Marine x2, Widow Mine  
  132  8:30  Marine  
  132  8:33  Marine  
  132  8:34  SCV  
  140  8:37  Marine  
  139  8:41  Marine x2  
  139  8:43  Drilling Claws, Widow Mine x2  
  139  8:44  Marine  
  139  8:45  Medivac  
  148  8:51  Supply Depot  
  148  8:52  Supply Depot  
  148  8:53  Marine x2, Widow Mine  
  148  8:54  Marine  
  153  8:58  Marine  
  153  8:59  Marine  
  155  9:05  Thor  
  161  9:11  Marine  
  161  9:15  Marine, Medivac  
  161  9:16  Marine  
  162  9:17  SCV x2  
  162  9:18  Marine  
  162  9:22  SCV  
  162  9:23  Marine x2  
  166  9:25  Marine  
  166  9:27  Marine x2, Widow Mine  
  166  9:28  Widow Mine  
  166  9:29  Marine, SCV  
  175  9:33  Marine x2, Medivac  
  175  9:36  Marine  
  179  9:41  Marine x2  
  179  9:43  Marine  
  179  9:44  Planetary Fortress  
  170  9:46  Marine x2  
  170  9:48  Widow Mine  
  170  9:49  Widow Mine  
  174  9:53  Marine  
  174  9:56  Marine x2  
  169  10:01  Missile Turret  
  169  10:02  SCV  
  169  10:03  Missile Turret  
  169  10:06  Marine, Widow Mine  
  173  10:09  Thor  
  173  10:10  Widow Mine, Missile Turret x2  
  173  10:12  Marine x3  
  184  10:15  Marine x2  
  184  10:16  Marine  
  184  10:17  Marine  
  188  10:27  Marine x2  
  188  10:30  Marine x2  
  188  10:31  SCV, Widow Mine  
  183  10:38  SCV, Barracks x2  
  183  10:39  Barracks  
  183  10:40  Marine x2, Supply Depot  
  186  10:43  Widow Mine  
  188  10:55  Marine x3  
  188  10:56  Marine, Medivac, Widow Mine  
  188  10:57  Marine  
  187  11:00  Marine  
  187  11:01  Marine  
  182  11:07  Marine  
  182  11:08  Marine  
  182  11:10  Widow Mine x2  
  178  11:12  Marine  
  178  11:13  Marine  
  178  11:14  Marine x2  
  178  11:16  Marine  
  178  11:17  Widow Mine  
  178  11:18  Marine  
  184  11:19  Marine  
  184  11:21  Command Center  
  184  11:25  Marine x3  
  187  11:30  Marine  
  166  11:33  Marine x2, Medivac  
  166  11:35  Medivac  
  166  11:37  Widow Mine x2  
  176  11:41  Marine x2  
  176  11:44  Marine x2, Widow Mine  
  176  11:45  Marine  
  167  11:54  Marine  
  167  11:56  Marine  
  167  11:57  Marine  
  167  12:01  Marine  
  161  12:02  Marine x2  
  161  12:03  Medivac  
  161  12:05  Medivac  
  161  12:06  SCV, Barracks Tech Lab x2  
  161  12:07  Marine x2, SCV  
  156  12:09  Widow Mine x3  
  156  12:13  Marine x2  
  163  12:15  Terran Infantry Armor Level 3, Terran Infantry Weapons Level 3  
  163  12:16  Marine, Terran Vehicle And Ship Armor Level 2  
  163  12:18  Marine  
  163  12:19  Marine  
  162  12:23  Command Center  
  162  12:25  Marine x2  
  162  12:27  Marine x2  
  162  12:29  Marauder  
  168  12:30  Widow Mine, Barracks Tech Lab  
  168  12:33  Medivac  
  172  12:42  Marine x2  
  172  12:43  Marine x2, Marauder  
  165  12:45  Marauder  
  165  12:49  Marine x4  
  165  12:50  Marine, Marauder  
  157  12:54  Widow Mine  
  150  13:00  Marine x2  
  150  13:01  Marine x2  
  150  13:04  Marauder  
  147  13:07  Marine x4, Marauder  
  147  13:09  Marauder  
  147  13:11  Marine  
  152  13:16  Widow Mine  
  152  13:18  Marine x2, Widow Mine  
  152  13:19  Marine x2, Widow Mine  
  160  13:22  SCV  
  160  13:25  Marine, Marauder  
  164  13:28  Marauder  
  164  13:29  Planetary Fortress  
  164  13:30  Marauder x2  
  164  13:32  Missile Turret  
  164  13:34  Missile Turret  
  170  13:38  Widow Mine  
  170  13:39  Widow Mine  
  170  13:40  Missile Turret  
  170  13:41  Missile Turret  
  174  13:43  SCV  
  174  13:45  Missile Turret  
  174  13:47  Marine, Marauder  
  178  13:49  Marine, Marauder  
  178  13:51  Widow Mine  
  178  13:52  Marine x2  
  185  13:59  Marine, Widow Mine  
  185  14:00  Missile Turret  
  185  14:01  Widow Mine  
  190  14:06  Marine  
  190  14:07  Command Center  
  191  14:11  Marine, Marauder  
  191  14:13  Widow Mine  
  196  14:19  Starport  
  196  14:20  Starport, Fusion Core  
  196  14:22  Marine  
  196  14:23  Marauder  
  198  14:32  Marine x2  
  198  14:37  Command Center  
  200  14:50  Medivac  
  191  14:54  Medivac  
  191  14:55  Neosteel Armor  
  191  14:57  Marine  
  191  14:58  Marine, Marauder  
  191  15:00  Marine  
  191  15:02  Thor  
  191  15:03  Liberator  
  191  15:04  Starport Tech Lab  
  191  15:06  Liberator  
  196  15:10  Starport Reactor  
  196  15:12  Widow Mine x2  
  197  15:25  Advanced Ballistics  
  197  15:27  Terran Ship Weapons Level 1  
  200  15:30  Command Center, Refinery x2  
  200  15:31  Command Center  
  200  15:37  Ghost Academy  
  199  15:54  Concussive Shells  
  199  15:56  Marine  
  200  15:59  Starport  
  200  16:00  Starport  
  200  16:04  Liberator x3  
  200  16:08  Personal Cloaking  
  200  16:11  Refinery  
  200  16:12  Barracks x2  
  200  16:14  Barracks x2  
  199  16:32  Orbital Command, Viking  
  199  16:33  Planetary Fortress  
  199  16:34  SCV  
  195  16:40  Widow Mine  
  195  16:41  Widow Mine  
  195  16:43  SCV x2  
  195  16:44  SCV  
  199  16:49  SCV  
  199  16:54  Marine x2  
  199  17:04  Viking  
  199  17:05  Marine, Marauder  
  199  17:06  Viking  
  199  17:11  Viking  
  199  17:13  Viking  
  197  17:16  Marine, Viking  
  198  17:24  Viking  
  198  17:25  Viking  
  198  17:27  Marine x2  
  198  17:28  Marauder  
  197  17:34  Viking  
  197  17:35  SCV  
  197  17:37  Marine, Marauder  
  195  17:40  Viking  
  194  17:45  Marine  
  194  17:46  Command Center  
  194  17:47  Command Center  
  194  17:48  Viking  
  194  17:50  SCV, Refinery x2  
  179  17:52  SCV, Viking  
  179  17:57  SCV  
  169  17:59  Marine, SCV  
  169  18:00  Marauder  
  169  18:04  Marine  
  168  18:09  SCV  
  163  18:14  SCV  
  163  18:17  Marine  
  163  18:19  SCV  
  160  18:20  Supply Depot  
  160  18:21  Marine, Medivac, Marauder  
  160  18:26  Barracks Reactor  
  165  18:27  SCV  
  165  18:28  Barracks, SCV  
  165  18:29  Barracks  
  165  18:30  Widow Mine  
  165  18:34  Marine  
  169  18:35  SCV x2, Marauder  
  169  18:36  Widow Mine  
  169  18:38  Widow Mine  
  169  18:39  Marine  
  169  18:41  SCV x2  
  179  18:42  Marine, SCV  
  179  18:44  SCV, Missile Turret x2  
  179  18:47  Missile Turret  
  180  18:49  Marine  
  180  18:50  SCV  
  180  18:52  Marine, Widow Mine  
  184  18:55  SCV  
  184  18:57  Marauder  
  184  18:58  Marauder  
  184  19:00  Marine, SCV  
  184  19:01  Orbital Command x2  
  190  19:04  Marine x2  
  190  19:08  SCV  
  194  19:10  SCV  
  194  19:11  Marine x2  
  194  19:13  Medivac  
  194  19:15  Orbital Command  
  198  19:18  Marauder  
  198  19:20  Orbital Command  
  200  19:30  Medivac  
  199  19:37  Marine  
  200  19:47  Widow Mine  
  200  19:52  Marine x3, Widow Mine  
  147  19:53  Medivac, Marauder x2  
  147  19:54  Marine x3  
  147  19:55  Marine  
  147  19:58  Widow Mine  
  133  20:06  Medivac  
  133  20:07  Medivac  
  137  20:09  Widow Mine  
  137  20:10  Marine x3  
  137  20:11  Marine  
  137  20:12  Marine, Marauder  
  137  20:13  Marine, Widow Mine  
  153  20:14  SCV, Marauder x2  
  153  20:20  Widow Mine  
  148  20:28  Marine x3  
  150  20:29  Marine x2  
  150  20:30  Marine, Widow Mine  
  150  20:31  Liberator  
  150  20:32  Liberator  
  150  20:34  Marauder  
  150  20:35  Marine, Marauder, Widow Mine  
  161  20:39  Barracks, SCV  
  161  20:41  Widow Mine  
  164  20:45  Marine  
  164  20:46  Marine x2  
  164  20:47  Marine x2  
  164  20:48  Marine  
  176  20:52  Widow Mine  
  176  20:53  Marauder  
  176  20:55  Command Center, Marauder  
  176  20:56  Widow Mine  
  186  20:57  Marauder  
  186  21:02  Widow Mine  
  186  21:03  Marine x2  
  190  21:04  Marine  
  190  21:05  Marine  
  190  21:09  Marine  
  193  21:12  Marine  
  193  21:13  Widow Mine  
  193  21:15  Marauder  
  193  21:16  Marauder  
  198  21:18  Marauder  
  198  21:19  Widow Mine  
  200  21:33  Command Center, Barracks Tech Lab x2  
  200  21:34  Barracks Tech Lab  
  200  21:47  Marine, Widow Mine  
  198  21:48  Marauder  
  198  21:50  Medivac  
  191  21:56  Viking x2  
  185  22:06  Viking  
  179  22:10  Viking  
  179  22:11  Marine, Viking  
  179  22:12  Marauder  
  179  22:13  Liberator  
  179  22:14  Widow Mine  
  182  22:18  Marine x2, Marauder  
  182  22:19  Marine x2, Medivac  
  182  22:20  Marauder  
  176  22:23  Marine x2  
  176  22:24  Viking  
  180  22:31  Orbital Command  
  180  22:33  Marine, Marauder  
  180  22:35  Marine x2  
  188  22:37  Marine  
  188  22:38  Marauder, Widow Mine  
  188  22:40  Marauder  
  195  22:44  Viking  
  197  22:54  Viking  
  198  22:59  Orbital Command  
  198  23:00  Marine  
  198  23:01  Marauder  
  199  23:06  Marine  
  200  23:13  Command Center  
  200  23:18  Marine  
  200  23:19  Marauder  
  198  23:22  Widow Mine  
  198  23:26  Medivac  
  195  23:36  Medivac  
  195  23:38  Marine  
  195  23:39  Marine x2  
  195  23:40  Marauder  
  186  23:43  Widow Mine  
  186  23:44  Marine, Widow Mine  
  186  23:45  Marauder  
  186  23:47  Widow Mine  
  193  23:57  Marine x2, Marauder  
  193  23:59  Marine, Marauder  
  193  24:01  Marine x2, Marauder  
  176  24:04  Widow Mine  
  176  24:05  Marine, Widow Mine  
  176  24:06  Marauder  
  173  24:16  Marine, Widow Mine  
  173  24:19  Marauder  
  160  24:25  Widow Mine  
  160  24:30  Marine x3  
  160  24:31  Marauder  
  160  24:33  Marine  
  160  24:34  Marauder, Refinery  
  160  24:35  Marine, Marauder  
  160  24:36  Command Center  
  162  24:38  Widow Mine  
  162  24:41  Viking  
  152  24:46  Marine  
  152  24:47  Marauder  
  152  24:48  Marine  
  152  24:52  Marauder  
  149  24:57  Marine  
  149  24:58  Marauder  
  144  25:02  Marine x2  
  144  25:03  Marauder x2  
  144  25:04  Marine  
  144  25:06  Marine  
  149  25:08  Marauder  
  149  25:11  Planetary Fortress  
  149  25:12  SCV  
  149  25:13  Marine  
  149  25:14  SCV  
  152  25:15  Marine  
  152  25:17  SCV x2  
  152  25:19  Marauder  
  152  25:20  Marine x2  
  153  25:22  Marauder  
  153  25:24  Marine x2, Marauder  
  159  25:29  Marine  
  159  25:31  Marauder  
  159  25:33  Marine  
  163  25:38  Marine x2, Widow Mine  
  163  25:41  Marine, Marauder  
  168  25:42  Marine  
  168  25:43  Medivac  
  168  25:44  Marauder  
  168  25:46  Marauder  
  168  25:47  Marine  
  168  25:48  Widow Mine  
  178  25:51  Marine  
  178  25:52  Marine, Orbital Command  
  178  25:55  Medivac  
  178  25:56  Marine x2  
  182  26:00  Marauder  
  181  26:05  Viking  
  181  26:06  Viking  
  183  26:17  Viking  
  183  26:18  Marine x3  
  172  26:19  Marine x3, Marauder  
  172  26:21  Marine  
  178  26:31  Viking  
  178  26:40  Marine x2  
  178  26:45  Widow Mine  
  180  26:50  Refinery  
  180  26:51  Marine  
  181  26:54  Marine  
  181  26:58  Marine  
  181  26:59  Marauder  
  181  27:11  Marine, Viking  
Show
View Real Time Build Order
Export as new Build Order

JonSnow Zerg 

Build Orders: Pool First, Muta Ling Bane 

Get SALT Encoding   

  12  0:00  Drone  
  13  0:13  Overlord  
  13  0:17  Drone  
  14  0:32  Drone x2  
  16  0:40  Spawning Pool  
  15  0:45  Drone  
  15  0:48  Drone  
  17  1:09  Hatchery  
  16  1:12  Drone  
  17  1:25  Extractor  
  17  1:27  Zergling x4  
  17  1:28  Zergling x2  
  19  1:34  Queen  
  21  1:41  Overlord  
  21  1:53  Drone  
  22  2:02  Drone  
  23  2:10  Queen  
  23  2:12  Drone  
  26  2:21  Queen  
  26  2:22  Drone  
  29  2:24  Drone  
  29  2:29  Metabolic Boost  
  30  2:48  Hatchery  
  30  2:50  Drone  
  30  2:56  Drone x2  
  32  3:00  Drone  
  32  3:01  Drone  
  33  3:05  Drone  
  33  3:06  Drone  
  35  3:27  Drone  
  35  3:31  Spore Crawler  
  35  3:32  Drone  
  36  3:40  Overlord  
  37  3:45  Overlord  
  37  3:56  Overlord  
  37  3:58  Queen  
  37  4:00  Queen  
  37  4:02  Zergling x8  
  45  4:03  Zergling x2  
  45  4:04  Drone x2  
  45  4:05  Drone x3  
  51  4:13  Drone x3  
  51  4:14  Drone x2  
  51  4:16  Drone  
  55  4:19  Extractor  
  55  4:21  Drone x2, Evolution Chamber x2  
  54  4:28  Drone x3  
  54  4:29  Drone  
  58  4:33  Spore Crawler, Drone x2  
  59  4:42  Queen  
  61  4:46  Zergling x6  
  61  4:49  Drone  
  61  4:50  Zerg Melee Weapons Level 1  
  64  5:02  Zergling x2  
  64  5:06  Zerg Ground Armor Level 1  
  65  5:10  Overlord  
  64  5:18  Overlord  
  64  5:21  Queen  
  64  5:24  Drone x2  
  62  5:31  Drone x8  
  62  5:32  Drone x3  
  62  5:34  Drone  
  68  5:37  Drone  
  68  5:40  Drone  
  71  5:42  Drone x2  
  71  5:47  Overlord, Lair  
  71  5:52  Drone x2  
  71  5:55  Extractor  
  72  5:58  Baneling Nest, Queen  
  72  6:02  Overlord x2  
  73  6:05  Extractor  
  72  6:15  Extractor x2  
  70  6:19  Drone x9  
  70  6:21  Drone  
  70  6:24  Drone  
  70  6:25  Hatchery  
  81  6:32  Drone  
  81  6:33  Drone, Hatchery  
  81  6:34  Drone  
  81  6:36  Drone  
  81  6:37  Drone  
  81  6:38  Zergling x2  
  81  6:39  Zergling x2  
  86  6:47  Centrifical Hooks  
  86  6:50  Zerg Melee Weapons Level 2  
  86  6:51  Zergling x10  
  91  6:56  Drone  
  91  6:57  Drone x2  
  94  7:01  Zerg Ground Armor Level 2  
  94  7:03  Zergling x4  
  94  7:07  Baneling x4  
  94  7:08  Zergling x2  
  97  7:11  Overlord  
  97  7:12  Overlord  
  97  7:13  Baneling x2  
  97  7:15  Overlord  
  97  7:29  Zergling x4  
  98  7:30  Zergling x16  
  105  7:41  Zergling x18  
  105  7:45  Zergling x2  
  103  7:54  Drone x4  
  103  7:55  Drone x2  
  103  7:56  Spire  
  105  8:00  Zergling x8  
  105  8:04  Zergling x4  
  109  8:06  Drone  
  109  8:08  Extractor  
  109  8:12  Zergling x4  
  110  8:16  Baneling  
  110  8:17  Baneling x14  
  110  8:19  Zergling x6  
  113  8:25  Zergling x10  
  113  8:26  Baneling x3  
  117  8:41  Hatchery  
  117  8:45  Drone x12  
  128  8:48  Hatchery  
  128  8:51  Extractor  
  126  8:59  Overlord x3  
  126  9:00  Overlord  
  126  9:04  Baneling x3  
  126  9:08  Overseer  
  126  9:16  Mutalisk x5  
  128  9:21  Mutalisk x8  
  128  9:23  Baneling x3  
  144  9:26  Drone  
  144  9:28  Mutalisk  
  147  9:34  Zergling x4  
  147  9:35  Zergling x16  
  156  9:40  Mutalisk  
  156  9:41  Hatchery  
  156  9:42  Zerg Flyer Weapons Level 1  
  149  9:54  Infestation Pit  
  149  9:55  Mutalisk x2  
  152  10:00  Drone x2  
  152  10:03  Zergling x14  
  159  10:15  Overlord  
  159  10:17  Overlord  
  159  10:20  Hatchery  
  155  10:31  Zergling x8  
  159  10:38  Baneling x3  
  159  10:40  Zergling x20  
  159  10:41  Baneling x15  
  169  10:44  Baneling x10  
  169  10:46  Overseer  
  166  10:56  Zergling x16  
  162  11:02  Hive  
  153  11:08  Mutalisk x2  
  152  11:14  Zergling x4  
  152  11:17  Zergling x8  
  156  11:21  Queen  
  143  11:32  Zergling x2  
  143  11:33  Zergling x24  
  143  11:39  Mutalisk x3  
  152  11:42  Mutalisk  
  152  11:45  Zergling x2  
  154  11:47  Overseer  
  154  11:48  Baneling x3  
  154  11:49  Zergling x6, Baneling x2  
  147  11:56  Zergling x2  
  147  11:57  Zergling x2  
  140  12:02  Zergling x12  
  143  12:10  Zergling x10  
  143  12:13  Pneumatized Carapace  
  143  12:14  Overseer  
  145  12:15  Mutalisk  
  145  12:16  Mutalisk x4  
  145  12:20  Extractor  
  145  12:21  Extractor  
  153  12:26  Baneling x14  
  153  12:28  Zergling x10  
  158  12:32  Zergling x2  
  158  12:33  Zergling x8  
  158  12:34  Baneling x6  
  153  12:44  Zergling x14  
  153  12:47  Adrenal Glands  
  147  12:51  Zergling x4  
  144  13:00  Mutalisk x3  
  144  13:02  Zergling x16  
  156  13:10  Greater Spire  
  156  13:17  Zergling x16  
  156  13:18  Queen  
  156  13:19  Drone  
  168  13:20  Drone x4  
  168  13:21  Overlord  
  171  13:28  Queen  
  171  13:31  Overlord x2  
  171  13:32  Overlord, Zerg Melee Weapons Level 3  
  171  13:37  Zerg Ground Armor Level 3  
  171  13:39  Queen  
  173  13:41  Burrow  
  173  13:46  Hatchery  
  172  13:51  Overlord  
  172  14:02  Zergling x42  
  193  14:10  Pathogen Glands  
  193  14:24  Baneling Nest  
  188  14:32  Corruptor x3  
  188  14:33  Corruptor x3  
  188  14:36  Zergling x6  
  188  14:37  Zergling x4  
  199  14:50  Corruptor x2  
  185  15:04  Brood Lord x6  
  192  15:07  Corruptor x2  
  192  15:13  Baneling x8  
  194  15:21  Brood Lord  
  194  15:22  Brood Lord, Overseer  
  198  15:28  Drone  
  198  15:29  Extractor x2, Drone  
  198  15:31  Zerg Flyer Armor Level 1  
  198  15:35  Baneling  
  198  15:36  Baneling x2  
  197  15:44  Brood Lord  
  191  15:51  Brood Lord  
  191  15:52  Baneling x12  
  191  15:56  Zergling x22  
  191  16:20  Zergling x20  
  199  16:26  Baneling x3  
  190  16:59  Corruptor x5  
  199  17:14  Corruptor  
  199  17:15  Corruptor x2  
  198  17:24  Corruptor x7  
  198  17:35  Zerg Flyer Weapons Level 2  
  182  17:44  Zergling x42  
  187  17:52  Corruptor  
  187  17:53  Corruptor x9  
  191  18:04  Infestor  
  177  18:11  Zergling x32  
  166  18:20  Baneling x3  
  166  18:24  Zergling x8, Ultralisk Cavern  
  166  18:32  Drone x2  
  166  18:33  Baneling x3  
  168  18:40  Infestor x2  
  170  18:44  Drone x6  
  170  18:45  Drone  
  177  18:55  Infestor x2  
  178  19:06  Baneling x5  
  178  19:13  Drone x7  
  185  19:17  Spine Crawler  
  185  19:19  Baneling x12  
  185  19:21  Overseer  
  182  19:26  Zergling x20  
  191  19:32  Baneling x6  
  191  19:36  Zergling x4, Overseer  
  191  19:51  Zergling x30  
  164  19:58  Infestor x3  
  168  20:03  Drone  
  168  20:04  Drone x4  
  170  20:07  Spore Crawler  
  169  20:15  Overlord  
  169  20:21  Drone x5  
  155  20:30  Corruptor x4  
  163  20:40  Infestor x4  
  171  21:11  Brood Lord x4  
  176  21:18  Drone x18  
  180  21:24  Brood Lord  
  182  21:28  Overseer  
  182  21:36  Corruptor x2  
  186  21:43  Baneling x6  
  180  21:48  Zergling x20  
  180  21:50  Baneling x2  
  187  21:56  Zergling x8  
  161  22:16  Brood Lord x2  
  161  22:19  Drone x5  
  169  22:34  Baneling, Hatchery  
  168  22:39  Brood Lord  
  167  22:47  Brood Lord x2  
  169  22:57  Corruptor  
  165  23:06  Zergling x24  
  165  23:07  Overseer  
  165  23:09  Baneling x3  
  168  23:20  Corruptor  
  168  23:23  Zergling x8  
  168  23:42  Corruptor x2  
  168  23:45  Overlord  
  172  23:52  Baneling x5  
  172  23:53  Baneling x3  
  156  24:03  Zergling x2  
  156  24:04  Zergling x22  
  154  24:19  Corruptor x2  
  144  24:24  Zergling x8  
  144  24:29  Corruptor  
  142  24:40  Zergling x6  
  142  24:44  Infestor  
  133  24:55  Corruptor  
  133  24:59  Zergling x8  
  135  25:02  Zergling x4  
  131  25:16  Corruptor  
  131  25:22  Corruptor  
  131  25:36  Corruptor x2  
  135  25:46  Zergling x8  
  138  25:57  Overseer  
  138  25:58  Overlord x2  
  114  26:12  Zergling x6  
  114  26:17  Zergling x2  
  97  26:34  Overseer  
Tags
 
Add a new tag
Caveats
  • Supply blocks, unpowered buildings, or Contaminate may cause inaccurate times.
  • Supply counts are checked every 10 seconds.